Map: Washout LE

Players

Mixu

  • Race: Zerg Zerg
  • League: Grandmaster
  • Spawn Location: 1:00

SKillous - Winner!

  • Race: Protoss Protoss
  • League: Grandmaster
  • Spawn Location: 7:00

Event: HomeStory Cup XXIX

VOD

Have the link to the VOD?

Description

Time

  • Played on: July 4, 2026, 11:38 a.m.
  • Length: 7:39

All games in this series

Show
View Real Time Build Order
Export as new Build Order

Mixu Zerg 

Build Orders: Hatch First 

Get SALT Encoding   

  8  0:00  Drone  
  9  0:10  Drone  
  10  0:17  Drone  
  11  0:22  Drone  
  12  0:33  Overlord  
  12  0:39  Extractor  
  12  0:40  Drone  
  13  0:51  Drone x2  
  15  1:00  Drone  
  16  1:15  Hatchery  
  16  1:18  Drone  
  16  1:22  Drone  
  17  1:31  Drone  
  18  1:37  Extractor  
  17  1:41  Spawning Pool  
  17  1:46  Drone  
  17  1:51  Drone  
  18  2:02  Drone  
  19  2:10  Drone  
  20  2:21  Overlord  
  20  2:28  Queen  
  20  2:29  Queen  
  24  2:40  Metabolic Boost  
  24  2:41  Zergling x2  
  24  2:42  Drone  
  24  2:43  Drone  
  27  2:47  Drone  
  27  2:50  Drone  
  29  2:52  Drone  
  30  3:00  Drone, Zergling x2  
  32  3:15  Overlord  
  32  3:19  Hatchery  
  31  3:26  Drone  
  32  3:33  Queen  
  34  3:34  Drone x3  
  34  3:37  Drone  
  34  3:38  Overlord  
  38  3:43  Drone x2  
  40  3:58  Zergling x6  
  44  4:02  Zergling x2  
  44  4:04  Zergling x2  
  44  4:05  Queen  
  44  4:06  Spore Crawler  
  46  4:10  Overlord  
  44  4:18  Drone x4  
  48  4:29  Overlord  
  48  4:30  Drone  
  49  4:36  Drone x3  
  49  4:40  Queen  
  49  4:41  Drone  
  49  4:42  Drone  
  52  4:50  Drone x2  
  52  4:51  Queen  
  52  4:52  Drone  
  57  4:54  Drone x2  
  57  4:58  Drone x2  
  59  5:07  Drone x3  
  62  5:09  Evolution Chamber  
  62  5:10  Overlord  
  62  5:11  Drone x2  
  62  5:13  Drone  
  63  5:23  Drone x5  
  63  5:27  Overlord  
  67  5:30  Drone x3  
  67  5:32  Zergling x6  
  72  5:41  Roach Warren, Extractor  
  70  5:44  Spore Crawler x2  
  70  5:49  Hatchery  
  67  5:54  Drone x6  
  73  5:58  Overlord  
  73  6:05  Drone x3  
  73  6:06  Drone x4  
  73  6:08  Extractor  
  73  6:10  Overlord  
  79  6:12  Extractor  
  79  6:17  Zergling x6  
  81  6:18  Drone  
  81  6:22  Zergling x4  
  81  6:25  Overlord  
  82  6:26  Roach x4  
  82  6:28  Zergling x4  
  91  6:33  Overlord x2  
  91  6:36  Spore Crawler, Zergling x2  
  90  6:42  Zergling x6  
  90  6:46  Roach x2  
  90  6:47  Ravager  
  93  6:48  Zergling x2  
  93  6:49  Queen  
  92  6:56  Zergling x14  
  92  6:58  Roach  
  96  7:04  Roach x3  
  96  7:05  Roach  
  98  7:15  Roach x3  
  90  7:19  Roach, Ravager  
  90  7:21  Zergling x4  
Show
View Real Time Build Order
Export as new Build Order

SKillous Protoss - Winner!

Build Orders: 1 Gate Expand, Oracle Opening 

Get SALT Encoding   

  8  0:00  Probe (Chrono Boost)  
  9  0:12  Probe (Chrono Boost)  
  10  0:17  Probe (Chrono Boost)  
  11  0:27  Probe  
  12  0:32  Pylon  
  12  0:39  Probe  
  13  0:51  Probe  
  14  0:58  Gateway  
  14  1:03  Probe (Chrono Boost)  
  15  1:13  Probe (Chrono Boost)  
  15  1:18  Probe (Chrono Boost)  
  17  1:30  Probe  
  18  1:41  Nexus  
  18  1:47  Assimilator  
  18  1:57  Cybernetics Core  
  18  2:00  Probe  
  19  2:05  Assimilator  
  19  2:13  Probe  
  19  2:14  Pylon  
  20  2:25  Probe  
  21  2:31  Adept (Chrono Boost)  
  23  2:37  Probe  
  25  2:52  Probe (Chrono Boost)  
  25  2:53  Stargate, Probe (Chrono Boost)  
  25  2:57  Adept  
  28  3:03  Probe (Chrono Boost)  
  28  3:04  Probe (Chrono Boost)  
  30  3:11  Probe (Chrono Boost)  
  30  3:12  Warp Gate  
  30  3:13  Probe (Chrono Boost)  
  31  3:23  Probe (Chrono Boost)  
  31  3:24  Probe (Chrono Boost)  
  33  3:28  Probe (Chrono Boost)  
  33  3:32  Probe  
  37  3:38  Adept  
  37  3:39  Probe  
  37  3:40  Oracle (Chrono Boost)  
  41  3:43  Pylon  
  41  3:44  Probe  
  42  3:58  Pylon  
  42  4:01  Probe x2, Gateway  
  44  4:11  Stalker  
  44  4:13  Probe x2  
  44  4:16  Oracle (Chrono Boost)  
  47  4:25  Probe x2  
  49  4:37  Probe x2  
  51  4:38  Pylon  
  51  4:45  Assimilator  
  50  4:47  Assimilator  
  50  4:49  Gateway, Probe x2  
  50  4:50  Gateway  
  50  4:58  Adept x2  
  54  5:01  Probe x2  
  54  5:04  Gateway  
  54  5:05  Gateway  
  56  5:11  Pylon  
  56  5:13  Probe x2  
  58  5:18  Sentry x2  
  62  5:31  Probe  
  62  5:33  Sentry x2  
  66  5:43  Nexus  
  66  5:44  Pylon  
  66  5:48  Stalker x3  
  72  5:50  Sentry  
  72  5:56  Pylon x2  
  74  6:15  Stalker x2  
  74  6:17  Stalker, Zealot  
  82  6:21  Pylon  
  82  6:25  Stalker  
  82  6:26  Stalker  
  82  6:43  Zealot x4  
  86  6:48  Sentry x2  
  90  7:06  Stalker x4  
  89  7:28  Zealot x3  
  89  7:29  Zealot x3  
  101  7:30  Probe x2 (Chrono Boost)  
  101  7:31  Probe (Chrono Boost)  
Tags
 
Add a new tag
Caveats
  • Supply blocks, unpowered buildings, or Contaminate may cause inaccurate times.
  • Supply counts are checked every 10 seconds.